 Dungeon Crawl Stone Soup version 0.29-a0-866-g0545e20025 (webtiles) character file.

Game seed: 5963556097353621095

14380 Zeltrum the Fighter (level 11, -3/118 HPs)
             Began as a Demigod Fighter on July 17, 2022.
             Succumbed to Amaemon's poison
             ... on level 11 of the Dungeon.
             The game lasted 00:21:51 (10977 turns).

Zeltrum the Fighter (Demigod Fighter)              Turns: 10977, Time: 00:21:51

Health: -3/118     AC: 17    Str: 17    XL:     11   Next: 57%
Magic:  14/14      EV: 21    Int: 10    God:
Gold:   302        SH:  8    Dex: 31    Spells: 10/10 levels left

rFire   . . .      SeeInvis .   t - +2 falchion (vorpal)
rCold   . . .      Faith    .   c - +0 buckler
rNeg    . . .      Spirit   .   M - +0 steam dragon scales
rPois   .          Reflect  .   C - +0 helmet
rElec   .          Harm     .   H - +0 cloak
rCorr   .          Rampage  .   A - +0 pair of gloves
Will    +....      Rage     3%  K - +2 pair of boots
Stlth   ++........              u - amulet of regeneration
HPRegen 1.89/turn               f - +4 ring of protection
MPRegen 0.14/turn               w - +6 ring of dexterity

@: lethally poisoned (-3 -> -29), on berserk cooldown, slowed, invisible, very
slow
A: high MP 1, forlorn, divine attributes, berserk 1, regeneration 1, robust 2
a: no special abilities


You were on level 11 of the Dungeon.
You visited 1 branch of the dungeon, and saw 11 of its levels.
You also visited: Bailey.

You collected 663 gold pieces.
You spent 361 gold pieces at shops.

Inventory:

Hand Weapons
 t - a +2 vorpal falchion (weapon)
 U - the +4 falchion "Xic Mied" {spect, +Blink rN++ Dex-4 Stlth+}
   (You bought it in a shop on level 11 of the Dungeon)

   When its wielder attacks, the weapon's spirit leaps out and strikes again.
   The spirit shares a part of any damage it takes with its wielder.
   Dex:       It affects your dexterity (-4).
   rN:        It greatly protects you from negative energy.
   +Blink:    It lets you blink.
   Stlth:     It makes you more stealthy.
Missiles
 v - 2 throwing nets
Armour
 c - a +0 buckler (worn)
 A - a +0 pair of gloves (worn)
 C - a +0 helmet (worn)
 H - a +0 cloak (worn)
 K - a +2 pair of boots (worn)
 M - +0 steam dragon scales (worn)
Jewellery
 f - a +4 ring of protection (left hand)
 h - a +4 ring of protection
 i - a ring of see invisible
 u - an amulet of regeneration (around neck)
 w - a +6 ring of dexterity (right hand)
 V - a ring of protection from fire
Wands
 b - a wand of quicksilver (3)
 e - a wand of paralysis (10)
 x - a wand of roots (16) (quivered)
 O - a wand of mindburst (6)
 T - a wand of digging (1)
Scrolls
 g - 4 scrolls of fog
 l - a scroll of torment {unknown}
 p - 7 scrolls of vulnerability
 q - 2 scrolls of amnesia
 r - 4 scrolls of identify
 y - 3 scrolls of summoning {unknown}
 D - 2 scrolls of fear {unknown}
 E - 2 scrolls of poison {unknown}
 F - a scroll of immolation {unknown}
 G - a scroll of brand weapon {unknown}
 I - 7 scrolls of teleportation {unknown}
 Q - a scroll of blinking {unknown}
 R - a scroll of enchant armour {unknown}
Potions
 d - a potion of invisibility
 j - a potion of cancellation {unknown}
 k - 2 potions of mutation
 o - 4 potions of lignification
 s - 2 potions of magic {unknown}
 z - a potion of berserk rage {unknown}
 J - a potion of attraction {unknown}
 L - 2 potions of curing {unknown}
 N - a potion of resistance {unknown}
 P - 3 potions of brilliance
 S - a potion of haste


   Skills:
 * Level 9.8 Fighting
 * Level 9.6 Long Blades
 - Level 6.2 Armour
 * Level 8.3 Dodging
 + Level 7.1 Shields


You had 10 spell levels left.
You didn't know any spells.
Your spell library contained the following spells:

 Spells                   Type           Power      Damage    Failure   Level
 Magic Dart               Conj           0%         1d3       43%         1
 Searing Ray              Conj           0%         2d4       56%         2
 Gell's Gravitas          Tloc           0%         N/A       80%         3
 Lesser Beckoning         Tloc           0%         N/A       80%         3
 Teleport Other           Tloc           0%         N/A       80%         3
 Fulminant Prism          Conj/Hex       0%         3d6       99%         4


Dungeon Overview and Level Annotations

Branches:
Dungeon (11/15)            Temple (0/1) D:5            Lair (0/6) D:8
    Orc (0/2) D:9          Bailey (visited)

Shops:
D:1 *:   D:3 :   D:11 (

Annotations:
D:7 exclusion: oklob plant
D:11 Amaemon


Innate Abilities, Weirdness & Mutations

You have an increased reservoir of magic. (+10% MP)
You shall have no god before yourself.
Your divine heritage dramatically boosts your attributes as you level up.
You sometimes lose your temper in combat.
Your natural rate of healing is unusually fast.
You are very robust. (+20% HP)


Message History

Amaemon is severely wounded.
You feel yourself speed up.
You feel very sick.
The scorpion disappears in a puff of smoke!
You block Amaemon's attack. Amaemon barely misses you.
Amaemon closely misses you.
The orange demon stings you but does no damage.
The scorpion stings you but does no damage.
You slash Amaemon!
Amaemon is almost dead.
You feel very sick.
Amaemon hits you with a -1 demon whip of venom.
You are more poisoned.
You block Amaemon's attack.
Amaemon tail-slaps you but does no damage.
The orange demon closely misses you. The scorpion barely misses you.
You completely miss Amaemon.
Amaemon is almost dead.
You are no longer berserk.
You are exhausted.
You feel yourself slow down.
You feel very sick. The orange demon stings you from afar!
* * * LOW HITPOINT WARNING * * *
You are lethally poisoned!
The orange demon poisons you! You block Amaemon's attack. Amaemon misses you.
Amaemon barely misses you.
You hit Amaemon.
Amaemon is almost dead.
* * * LOW HITPOINT WARNING * * *
You feel extremely sick. The scorpion closely misses you.
You block the scorpion's attack.
Amaemon hits you with a -1 demon whip of venom!
* * * LOW HITPOINT WARNING * * *
You are more poisoned.
Amaemon completely misses you. Amaemon closely misses you.
The orange demon completely misses you.
It was a potion of invisibility.
You fade into invisibility!
You die...

#..## ## .
#..# # ..#
##.# ##
....## #.##
#.
#...s.####..#
#.
#s6.s##..###
##.
#Q.4ss...#
#..
####6####..#
#.# #@# ##
#.# #s# ###
###


You could see Amaemon (unable to see you), an orange demon (unable to see you)
and 4 scorpions.

Vanquished Creatures
  2 boulder beetles
  2 vault guards (Bailey)
  3 two-headed ogres
  A manticore (D:11)
  4 trolls
  A hornet (D:7)
  Prince Ribbit (Bailey)
  3 wyverns
  5 humans (Bailey)
  13 yaks
  A basilisk (D:8)
  A steam dragon (D:9)
  A water moccasin (D:8)
  4 orc warriors
  3 black bears
  2 sky beasts
  2 ice beasts
  4 ogres
  3 centaurs
  2 phantoms
  11 bullfrogs
  3 necrophages
  5 scorpions
  6 wights
  12 killer bees (D:10)
  10 howler monkeys
  A crimson imp (D:9)
  3 jellies
  4 orc priests
  Crazy Yiuf (D:5)
  3 gnoll boudas
  4 hounds
  4 iguanas
  5 orc wizards
  Terence (D:2)
  17 gnolls
  9 adders
  A shadow imp (D:7)
  2 white imps (D:6)
  3 ufetubi
  A worm (D:2)
  3 dart slugs
  29 orcs
  8 ball pythons
  8 bats
  7 endoplasms
  10 giant cockroaches
  9 goblins
  14 hobgoblins
  6 jackals
  2 quokkas
  6 frilled lizards
  8 kobolds
  6 rats
280 creatures vanquished.

Vanquished Creatures (others)
  A white imp (D:9)
  An orc (D:9)
  22 fungi (D:7)
  27 plants (D:7)
  18 toadstools (D:7)
69 creatures vanquished.

Grand Total: 349 creatures vanquished

Notes
Turn   | Place    | Note
-------+----------+-------------------------------------------
     0 | D:1      | Zeltrum the Demigod Fighter began the quest for the Orb.
     0 | D:1      | Reached XP level 1. HP: 18/18 MP: 3/3
   271 | D:1      | Reached XP level 2. HP: 25/25 MP: 4/4
   344 | D:1      | Found Ysorgh's Assorted Antiques.
   352 | D:1      | Bought a scroll labelled TOQ YB KOARA MUU for 17 gold
                  | pieces
   859 | D:1      | Found Nilif's Book Shop.
  1251 | D:2      | Reached XP level 3. HP: 31/31 MP: 5/5
  1498 | D:2      | Noticed Terence
  1519 | D:2      | Killed Terence
  2193 | D:2      | Reached XP level 4. HP: 38/38 MP: 6/6
  2326 | D:2      | Reached skill level 1 in Dodging
  2585 | D:1      | Bought a scroll labelled JEWULY XOCKI for 17 gold pieces
  2585 | D:1      | Bought a glowing sapphire ring for 85 gold pieces
  2752 | D:3      | Reached XP level 5. HP: 32/45 MP: 7/7
  3042 | D:3      | Found Zeinanlo's Book Shoppe.
  3436 | D:4      | Noticed a centaur
  3489 | D:4      | Killed a centaur
  3490 | D:4      | Reached XP level 6. HP: 48/52 MP: 6/8
  3969 | D:1      | Bought a scroll labelled OTHRADE RAMM for 17 gold pieces
  3969 | D:1      | Bought a scroll labelled LUDOMAA BAAVENT for 17 gold pieces
  4433 | D:5      | Entered Level 5 of the Dungeon
  4445 | D:5      | Reached XP level 7. HP: 60/60 MP: 9/9
  4575 | D:5      | Found a runed translucent door.
  4576 | D:5      | Noticed Crazy Yiuf
  4586 | D:5      | Killed Crazy Yiuf
  4702 | D:5      | Reached skill level 5 in Fighting
  4925 | D:5      | Reached skill level 5 in Armour
  5177 | D:5      | Found a staircase to the Ecumenical Temple.
  5185 | D:5      | Reached XP level 8. HP: 68/68 MP: 10/10
  5266 | D:6      | Reached skill level 5 in Long Blades
  6165 | D:6      | Gained mutation: You are robust. (+10% HP) [potion of
                  | mutation]
  6165 | D:6      | Gained mutation: You sometimes lose your temper in combat.
                  | [potion of mutation]
  6165 | D:6      | Gained mutation: You are very robust. (+20% HP) [potion of
                  | mutation]
  6165 | D:6      | Gained mutation: Your natural rate of healing is unusually
                  | fast. [potion of mutation]
  6566 | D:7      | Noticed a hornet
  6580 | D:7      | Killed a hornet
  6581 | D:7      | Reached XP level 9. HP: 73/90 MP: 11/11
  7440 | D:7      | Noticed an oklob plant
  7546 | D:8      | Noticed a boulder beetle
  7604 | D:8      | Killed a boulder beetle
  7605 | D:8      | Reached skill level 5 in Shields
  7791 | D:8      | Identified the +6 flail of Earthquakes {venom, rF- Int+5}
  7994 | D:8      | Found a staircase to the Lair.
  8022 | D:8      | Reached skill level 5 in Dodging
  8530 | D:9      | Reached XP level 10. HP: 103/103 MP: 13/13
  8860 | D:9      | Found a staircase to the Orcish Mines.
  9052 | D:10     | Entered Level 10 of the Dungeon
  9124 | D:10     | Found a flagged portal.
  9126 | D:10     | Noticed a two-headed ogre
  9138 | D:10     | Killed a two-headed ogre
  9161 | Bailey   | Entered a bailey
  9342 | Bailey   | Noticed Prince Ribbit
  9343 | Bailey   | Noticed a vault guard
  9355 | Bailey   | Killed Prince Ribbit
  9360 | Bailey   | Killed a vault guard
  9361 | Bailey   | Reached XP level 11. HP: 114/114 MP: 14/14
  9409 | Bailey   | Noticed a vault guard
  9427 | Bailey   | Killed a vault guard
  9649 | D:10     | Noticed a two-headed ogre
  9666 | D:10     | Killed a two-headed ogre
  9682 | D:10     | Found a runed translucent door.
  9684 | D:10     | Found a runed translucent door.
 10337 | D:11     | Found Qanuse's Antique Weapon Emporium.
 10376 | D:11     | Bought a masterwork falchion for 208 gold pieces
 10376 | D:11     | Identified the +4 falchion "Xic Mied" {spect, +Blink rN++
                  | Dex-4 Stlth+} (You bought it in a shop on level 11 of the
                  | Dungeon)
 10425 | D:11     | Noticed a boulder beetle
 10427 | D:11     | Noticed a two-headed ogre
 10445 | D:11     | Killed a two-headed ogre
 10495 | D:11     | Killed a boulder beetle
 10937 | D:11     | Noticed Amaemon
 10960 | D:11     | Noticed a tengu warrior
 10967 | D:11     | Noticed a tengu warrior
 10977 | D:11     | Succumbed to Amaemon's poison

Illustrated notes

Levels and vault maps discovered:
D:1:      dpeg_chamrin_arrival_tetris, layout_basic, serial_shops,
          nicolae_shop_waterfront, shop,
          hellmonk_ecumenical_altar_leap_of_faith, minmay_misc_feat_more_columns
D:2:      layout_loops_corners, basic_altar, uniq_terence
D:3:      layout_basic, mainiacjoe_overflow_surrounded_room, minitemple,
          serial_shops, shop, minmay_mini_jars
D:4:      cheibrodos_pilgrimage, layout_rooms
D:5:      nicolae_cairo_tiling_large_dashed, layout_loops_ring,
          kennysheep_little_box, minmay_temple_entry_drinking_statues,
          uniq_crazy_yiuf_cottage
D:6:      layout_cave_pools
D:7:      layout_layer_cave, tso_metal_star, tgw_fedhas
D:8:      layout_gridville, nicolae_dithmenos_shadow_blocks, david_lair_generic
D:9:      layout_rooms, nicolae_ru_the_path_less_chosen, david_orc_3,
          minmay_fire_ice_demons
D:10:     lemuel_insect_pit, layout_loops_ring,
          pdpol_temple_overflow_zin_treasury_gozag_greed,
          nicolae_sif_muna_little_library, enter_bailey_6
D:11:     layout_layer_cave, nicolae_stop_n_shop_2, uniq_amaemon

Skill      XL: |  1  2  3  4  5  6  7  8  9 10 11 |
---------------+----------------------------------+-----
Long Blades    | 2 3 4 5 7 8 9 |  9.6
Fighting       | 3 4 5 6 7 8 9 |  9.8
Armour         | 3 4 5 6 |  6.2
Shields        | 3 4 5 6 7 |  7.1
Dodging        | 1 2 3 5 7 8 |  8.3

Action                   |  1- 3 |  4- 6 |  7- 9 | 10-12 || total
-------------------------+-------+-------+-------+-------++-------
Melee: Long sword        |   127 |       |       |       ||   127
       Falchion          |    27 |   205 |   342 |   455 ||  1029
Evoke: Wand              |       |       |    13 |     2 ||    15
  Use: Potion            |       |     2 |     3 |     3 ||     8
       Scroll            |       |       |     5 |       ||     5
 Stab: Sleeping          |       |     4 |     5 |       ||     9
Armor: Scale mail        |    37 |       |       |       ||    37
       Ring mail         |    25 |   105 |   140 |    35 ||   305
       Steam dragon scal |       |       |       |   102 ||   102
       Skin              |       |       |       |     6 ||     6
Dodge: Dodged            |    72 |   132 |   174 |   453 ||   831
Block: Buckler           |    50 |    68 |   126 |   221 ||   465

Table legend: (Time is in decaauts)
 A = Elapsed time spent in this place.
 B = Non-inter-level travel time spent in this place.
 C = Inter-level travel time spent in this place.
 D = Time resting spent in this place.
 E = Time spent auto-exploring this place.
 F = Levels seen in this place.
 G = Mean time per level.
                   A        B        C        D        E       F      G
               +--------+--------+--------+--------+--------+-----+--------+
         Total |  11131 |  10568 |    563 |    156 |   8237 |  12 |  927.6 |
       Dungeon |  10819 |  10256 |    563 |    118 |   8131 |  11 |  983.5 |
        Bailey |    312 |    312 |      0 |     37 |    106 |   1 |  312.0 |
               +--------+--------+--------+--------+--------+-----+--------+

Top non-repeatable levels by time:
     D:2: 1414 daAuts
     D:7: 1378 daAuts
     D:1: 1355 daAuts
     D:8: 958 daAuts
     D:6: 937 daAuts
    D:10: 871 daAuts
     D:4: 866 daAuts
     D:3: 861 daAuts
     D:5: 819 daAuts
    D:11: 752 daAuts
     D:9: 604 daAuts
  Bailey: 312 daAuts
